 Dungeon Crawl Stone Soup version 0.32-a0-576-g706899e69d (webtiles) character file.

Game seed: 1534153628505918420

330 ytrimaz the Chopper (level 6, -2/50 HPs)
             Began as a Coglin Gladiator on Mar 1, 2024.
             Slain by a gnoll
             ... wielding a +0 halberd
             ... led by a gnoll bouda
              (9 damage)
             ... on level 4 of the Dungeon on Mar 2, 2024.
             The game lasted 00:04:24 (2785 turns).

ytrimaz the Chopper (Coglin Gladiator)              Turns: 2785, Time: 00:04:24

Health: -2/50      AC: 10    Str: 16    XL:     6   Next: 51%
Magic:  6/6        EV:  8    Int:  8    God:
Gold:   220        SH:  0    Dex: 15    Spells: 5/5 levels left

rFire   . . .        a - +1 war axe {Edeltraud}
rCold   . . .        r - +0 hand axe {Valter}
rNeg    . . .        o - +0 chain mail
rPois   .            c - +0 helmet
rElec   .            (no cloak)
rCorr   .            m - +0 pair of gloves {Stlth+}
SInv    .            (no boots)
Will    +....        (amulet unavailable) Stlth
                     (ring unavailable)
HPRegen 0.28/turn    (ring unavailable)
MPRegen 0.10/turn    (no gizmo)

%: no passive effects
@: mighty, enlightened, flying, revving
A: off-hand wielding, slow wielding, warmup strikes, no jewellery
a: Invent Gizmo


You were on level 4 of the Dungeon.
You visited 1 branch of the dungeon, and saw 4 of its levels.

You collected 220 gold pieces.


Innate Abilities, Weirdness & Mutations

You can wield a second weapon in your off-hand.
It takes a long time for you to wield or remove held weapons.
Your first few attacks do less damage.
You cannot equip rings or amulets.


   Skills:
 + Level 4.9 Fighting
 + Level 5.4 Axes
 - Level 1.7 Throwing
 - Level 2.6 Dodging


You had 5 spell levels left.
You didn't know any spells.
Your spell library contained the following spells:

 Spells                   Type           Power      Damage    Failure   Level
 Kiss of Death            Conj/Necr      0%         2d5       99%         1
 Confusing Touch          Hex            0%         N/A       100%        3
 Hailstorm                Conj/Ice       0%         3d5       100%        3
 Summon Ice Beast         Ice/Summ       0%         N/A       100%        3
 Tukima's Dance           Hex            0%         N/A       100%        3
 Dispel Undead            Necr           0%         3d6       100%        4
 Passage of Golubria      Tloc           0%         N/A       100%        4
 Summon Forest            Summ/Tloc      0%         N/A       100%        5
 Summon Mana Viper        Hex/Summ       0%         N/A       100%        5
 Yara's Violent Unravell  Hex/Alch       0%         3d3       100%        5
 Sculpt Simulacrum        Ice/Alch       0%         N/A       100%        6
 Summon Cactus Giant      Summ           0%         N/A       100%        6

Inventory:

Hand Weapons
 a - a +1 war axe (weapon) {Edeltraud}
 f - a +0 dagger {Juan}
 r - a +0 hand axe (offhand) {Valter}
   (You found it on level 4 of the Dungeon)
Missiles
 d - 3 throwing nets (quivered)
 e - a javelin
Armour
 c - a +0 helmet (worn)
 m - a +0 pair of gloves of stealth (worn)
   (You found it on level 2 of the Dungeon)
 o - a +0 chain mail (worn)
   (You found it on level 3 of the Dungeon)
Wands
 g - a wand of polymorph (12)
   (You found it on level 3 of the Dungeon)
Scrolls
 b - a scroll of vulnerability {unknown}
 h - a scroll of enchant weapon
 j - a scroll of teleportation
 l - a scroll of enchant armour
 p - a scroll of silence {unknown}
Potions
 i - a potion of brilliance
 k - a potion of cancellation

Dungeon Overview and Level Annotations

Branches:
Dungeon (4/15) Zot: 21191
 Temple: D:4-7

Altars:

###############
#.............####
#.....gggg.......######.
......g@.....#..........
..#######.........######
.###.....###.....
...##...##...≈≈≈.
≈...........≈≈≈≈≈ #.
...##...##...≈≈≈. #.#
.###.....###....^
##..#######.........######
..........................


You could see 5 gnolls.


Message History

Why would you want to do that?
The white imp hits you but does no damage.
You hit the white imp with your +0 hand axe.
You barely miss the white imp with your +1 war axe.
The white imp gestures at you. The puff of frost hits you!
The white imp hits you but does no damage. 😕 HP[-8]
You take 8 damage, and now have 41/49 hp.
The white imp hits you but does no damage.
You slash the white imp with your +1 war axe!
You kill the white imp! 😕 HP[+1]
You now have 50 max hp (+1).
Unknown command.
Why would you want to do that?
No target in view!
You now have 220 gold pieces (gained 10).
A gnoll comes into view. It is wielding a +0 halberd. 😎 HP[+8]
Your hp is fully restored (50).
A gnoll is nearby!
A gnoll is nearby!
A gnoll comes into view. It is wielding a +0 spear.
There are monsters nearby!
A gnoll bouda comes into view. It is wielding a +0 whip.
The gnoll bouda shouts! 2 gnolls come into view.
The gnoll shouts! x2
A gnoll comes into view.
It is wielding a +0 whip and quivering a throwing net.
The gnoll shouts!
The gnoll closely misses you. The gnoll barely misses you.
You slash the gnoll with your +0 hand axe!
You hit the gnoll with your +0 hand axe.
You hit the gnoll but do no damage. You hit the gnoll with your +1 war axe.
The gnoll barely misses you.
Unknown command.
You slash the gnoll bouda with your +0 hand axe!
You hit the gnoll with your +0 hand axe.
You barely miss the gnoll with your +0 hand axe.
You hit the gnoll bouda with your +1 war axe.
You closely miss the gnoll with your +1 war axe.
You barely miss the gnoll with your +1 war axe.
The gnoll closely misses you. x2
The gnoll bouda calls upon its god to heal the gnoll.
The gnoll is healed somewhat.
You barely miss the gnoll bouda with your +0 hand axe.
You closely miss the gnoll with your +0 hand axe. x2
You slash the gnoll bouda with your +1 war axe!
You kill the gnoll bouda!
You hit the gnoll but do no damage. x2
The gnoll hits you from afar with a +0 halberd!
The gnoll misses you. The gnoll hits you with a +0 halberd.
The gnoll hits you but does no damage. The gnoll hits you but does no damage.
The gnoll hits you from afar with a +0 halberd!
The gnoll hits you but does no damage.
Things that are here:
a +0 whip; a +0 robe; a gnoll corpse; 😮 HP[-24]
You take 24 damage, and now have 26/50 hp.
MASSIVE DAMAGE!! (PAUSE) It was a potion of brilliance.
You feel clever all of a sudden. The gnoll hits you with a +0 halberd!
* * * LOW HITPOINT WARNING * * *
The gnoll closely misses you. The gnoll barely misses you.
The gnoll closely misses you. The gnoll hits you with a +0 spear.
* * * LOW HITPOINT WARNING * * *
😨 HP[-10]
You take 10 damage, and now have 16/50 hp.
Unknown command.
It was a potion of cancellation.
Your magical effects are unravelling.
You feel magically purged.
You feel a little less clever now. The gnoll barely misses you.
The gnoll completely misses you. x2
The gnoll hits you from afar with a +0 halberd.
* * * LOW HITPOINT WARNING * * *
The gnoll hits you with a +0 spear.
* * * LOW HITPOINT WARNING * * *
😱 HP[-4]
You take 4 damage, and now have 12/50 hp.
Okay, then.
Okay, then.
Okay, then.
Okay, then.
It was a potion of enlightenment.
You feel very buoyant.
You fly up into the air.
The gnoll hits you but does no damage. The gnoll hits you with a +0 halberd.
* * * LOW HITPOINT WARNING * * *
The gnoll closely misses you. The gnoll hits you but does no damage.
The gnoll hits you with a +0 spear.
* * * LOW HITPOINT WARNING * * *
😱 HP[-5]
You take 5 damage, and now have 7/50 hp.
It was a potion of might.
You feel very mighty all of a sudden. The gnoll hits you but does no damage.
The gnoll hits you with a +0 halberd!
You die...

Skill      XL: |  1  2  3  4  5 |
---------------+----------------+-----
Fighting       | 3 4 |  4.9
Axes           | 4 5 |  5.4
Throwing       | |  1.7
Dodging        | |  2.6

Action                     |  1- 3 |  4- 6 || total
---------------------------+-------+-------++-------
  Melee: War axe           |    54 |    77 ||   131
         Dagger            |    45 |    61 ||   106
         Hand axe          |       |     6 ||     6
    Use: Scroll            |       |     4 ||     4
         Potion            |       |     5 ||     5
   Stab: Sleeping          |     1 |     1 ||     2
 Armour: Leather armour    |    30 |    11 ||    41
         Chain mail        |       |    70 ||    70
  Dodge: Dodged            |    43 |    40 ||    83

Levels and vault maps discovered:
D:1:      enne_arrival_octagon_isle, layout_loops_corners
D:2:      layout_rooms
D:3:      layout_basic
D:4:      layout_basic, grunt_temple_overflow_open, serial_shops, shop,
          minmay_fire_ice_demons, uniq_blork_the_orc

Notes
Turn   | Place    | Note
-------+----------+-------------------------------------------
     0 | D:1      | ytrimaz the Coglin Gladiator began the quest for the Orb.
     0 | D:1      | Reached XP level 1. HP: 16/16 MP: 1/1
     0 | D:1      | magus.rc [v1.9.6]
   138 | D:1      | Reached XP level 2. HP: 18/23 MP: 2/2
   368 | D:1      | Reached XP level 3. HP: 28/28 MP: 3/3
   397 | D:1      | You pick up a book of the Wilderness and begin reading...
   397 | D:1      | You add the spells Summon Forest, Summon Mana Viper and
                  | Summon Cactus Giant to your library.
   692 | D:1      | Reached skill level 3 in Fighting
  1010 | D:1      | Reached skill level 4 in Axes
  1010 | D:1      | Reached XP level 4. HP: 15/35 MP: 4/4
  1641 | D:3      | You pick up a book of Touch and begin reading...
  1641 | D:3      | You add the spells Kiss of Death, Confusing Touch and
                  | Dispel Undead to your library.
  1813 | D:3      | Reached XP level 5. HP: 39/42 MP: 5/5
  1826 | D:3      | Reached skill level 4 in Fighting
  2446 | D:4      | Noticed Blork the orc
  2456 | D:4      | Killed Blork the orc
  2457 | D:4      | Reached skill level 5 in Axes
  2457 | D:4      | Reached XP level 6. HP: 26/49 MP: 6/6
  2575 | D:4      | You pick up a book of the Tundra and begin reading...
  2575 | D:4      | You add the spells Hailstorm, Summon Ice Beast and Sculpt
                  | Simulacrum to your library.
  2645 | D:4      | You add the spells Tukima's Dance, Passage of Golubria and
                  | Yara's Violent Unravelling to your library.
  2783 | D:4      | HP: 12/50 [gnoll/+0 spear[a gnoll bouda] (3)]
  2785 | D:4      | Slain by a gnoll

Vanquished Creatures
  Blork the orc (D:4)
  A bombardier beetle (D:4)
  A gnoll bouda (D:4)
  An orc priest (D:3)
  An orc wizard (D:3)
  2 adders
  5 gnolls
  A white imp (D:4)
  2 dart slugs
  A ribbon worm (D:4)
  6 orcs (D:3)
  6 ball pythons
  A bat (D:1)
  9 endoplasms
  5 giant cockroaches
  4 hobgoblins
  A quokka (D:1)
  3 frilled lizards
  2 goblins
  7 kobolds
  2 rats
62 creatures vanquished.

Table legend:
 A = Non-vault XP
 B = Vault XP
 C = Vault XP percentage of total XP
 D = Non-vault monster count
 E = Vault monster count
 F = Vault count percentage of total count
                 A         B        C        D         E       F
            +---------+---------+-------+---------+---------+-------
      Total |     363 |     109 |  23.1 |      60 |       2 |   3.2
            +---------+---------+-------+---------+---------+-------
        D:1 |      91 |       0 |   0.0 |      31 |       0 |   0.0
        D:2 |      53 |       0 |   0.0 |       9 |       0 |   0.0
        D:3 |     108 |       0 |   0.0 |      14 |       0 |   0.0
        D:4 |     111 |     109 |  49.5 |       6 |       2 |  25.0
            +---------+---------+-------+---------+---------+-------

Skill      XL: |  1  2  3  4  5 |
---------------+----------------+-----
Fighting       | 3 4 |  4.9
Axes           | 4 5 |  5.4
Throwing       | |  1.7
Dodging        | |  2.6

Action                     |  1- 3 |  4- 6 || total
---------------------------+-------+-------++-------
  Melee: War axe           |    54 |    77 ||   131
         Dagger            |    45 |    61 ||   106
         Hand axe          |       |     6 ||     6
    Use: Scroll            |       |     4 ||     4
         Potion            |       |     5 ||     5
   Stab: Sleeping          |     1 |     1 ||     2
 Armour: Leather armour    |    30 |    11 ||    41
         Chain mail        |       |    70 ||    70
  Dodge: Dodged            |    43 |    40 ||    83

Illustrated notes

Table legend:
 A = Kills in this place as a percentage of kills in the entire game.
 B = Kills by you in this place as a percentage of kills by you in the entire game.
 C = Kills by friends in this place as a percentage of kills by friends in the entire game.
 D = Other kills in this place as a percentage of other kills in the entire game.
 E = Experience gained in this place as a percentage of experience gained in the entire game.
 F = Experience gained in this place divided by the number of levels of this place that you have seen.
                   A       B       C       D       E      F
               +-------+-------+-------+-------+-------+----------------------
         Total | 100.0 | 100.0 |   N/A |   N/A | 100.0 | 118.0
       Dungeon | 100.0 | 100.0 |   N/A |   N/A | 100.0 | 118.0
               +-------+-------+-------+-------+-------+----------------------

Table legend: (Time is in decaauts)
 A = Elapsed time spent in this place.
 B = Non-inter-level travel time spent in this place.
 C = Inter-level travel time spent in this place.
 D = Time resting spent in this place.
 E = Time spent auto-exploring this place.
 F = Levels seen in this place.
 G = Mean time per level.
                   A        B        C        D        E       F      G
               +--------+--------+--------+--------+--------+-----+--------+
         Total |   2807 |   2685 |    122 |     92 |   2102 |   4 |  701.8 |
       Dungeon |   2807 |   2685 |    122 |     92 |   2102 |   4 |  701.8 |
               +--------+--------+--------+--------+--------+-----+--------+

Top non-repeatable levels by time:
     D:1: 1081 daAuts
     D:3: 944 daAuts
     D:2: 410 daAuts
     D:4: 372 daAuts
